[Event "Team 45 45 League T89"]
[Site "Internet Chess Club"]
[Date "2021.08.16"]
[Round "6"]
[White "primerpaso"]
[Black "kidcobra"]
[Result "1-0"]
[WhiteElo "1932"]
[BlackElo "1880"]
[Opening "English: Bremen, Smyslov system"]
[ECO "A22"]
[Time "14:14:36"]
[TimeControl "2700+45"]
1. c4 {0:45:45} e5 {0:45:45} 2. Nc3 {0:46:27} Nf6 {0:46:28} 3. g3 {0:47:11}
Bb4 {0:47:01} 4. Bg2 {0:47:51} Bxc3 {0:47:43} 5. bxc3 {0:48:33} O-O
{0:48:19} 6. e4 {0:49:12} c5 {0:48:46} 7. Ne2 {0:49:43} b6 {0:49:20} 8. d3
{0:49:58} h6 {0:49:41} 9. O-O {0:50:35} Bb7 {0:50:16} 10. f4 {0:49:37} d6
{0:50:26} 11. f5 {0:44:27} Nbd7 {0:49:55} 12. h3 {0:44:33} Nh7 {0:50:07} 13.
Be3 {0:44:31} a6 {0:50:04} 14. Qa4 {0:37:57} b5 {0:50:23} 15. cxb5 {0:31:47}
axb5 {0:51:08} 16. Qxb5 {0:32:17} Ba6 {0:51:32} 17. Qb1 {0:32:19} Qa5
{0:51:55} 18. c4 {0:30:41} Rfb8 {0:52:07} 19. Qc2 {0:30:13} Rb7 {0:52:16}
20. Rfb1 {0:28:16} Rab8 {0:52:53} 21. Rxb7 {0:27:34} Rxb7 {0:53:38} 22. Rb1
{0:28:03} Rxb1+ {0:53:54} 23. Qxb1 {0:28:45} Nb6 {0:53:55} 24. Kf2 {0:27:22}
Nf6 {0:53:26} 25. Qb3 {0:18:43} Na4 {0:53:34} 26. Qb8+ {0:18:15} Kh7
{0:54:12} 27. Qxd6 {0:18:35} Nb2 {0:54:51} 28. Nc1 {0:16:45} Nd1+ {0:53:44}
29. Ke2 {0:14:28} Nc3+ {0:53:50} 30. Kf3 {0:13:37} Nd1 {0:53:01} 31. Qxc5
{0:08:02} Qe1 {0:52:40} 32. Ne2 {0:08:05} Nh5 {0:51:50} 33. Qxe5 {0:06:16}
f6 {0:49:58} 34. Qe8 {0:06:01} Nc3 {0:50:22} 35. Qg6+ {0:04:25} Kh8
{0:51:01} 36. Nxc3 {0:04:26} Qxc3 {0:51:40} 37. Qxh5 {0:02:15} Qxd3
{0:52:22} 38. Qe8+ {0:01:28} Kh7 {0:53:03} 39. Qg6+ {0:02:09} Kh8 {0:53:44}
40. Qe8+ {0:02:52} Kh7 {0:54:28} 41. Qb8 {0:02:00} Bxc4 {0:55:09} 42. Qb2
{0:01:57} Qd1+ {0:55:51} 43. Kf2 {0:01:57} Qd3 {0:56:33} 44. a4 {0:01:55}
Ba6 {0:56:57} 45. Qd2 {0:02:05} Qb3 {0:57:35} 46. a5 {0:02:42} Qb5 {0:58:01}
47. Kg1 {0:02:55} Qb1+ {0:57:01} 48. Kh2 {0:02:14} g6 {0:56:15} 49. Qd7+
{0:02:30} Kh8 {0:56:44} 50. fxg6 {0:02:37} Qb7 {0:57:11} 51. Qe8+ {0:02:54}
Kg7 {0:57:33} 52. Qf7+ {0:03:36} Qxf7 {0:58:13} 53. gxf7 {0:04:20} Kxf7
{0:58:58} 54. Bxh6 {0:05:02} Kg6 {0:58:36} 55. Bf4 {0:04:56} f5 {0:59:16}
56. e5 {0:05:31} Bc4 {0:58:58} 57. Kg1 {0:06:07} Kf7 {0:59:25} 58. Bf1
{0:05:44} Bd5 {0:59:39} 59. a6 {0:06:20} Kg6 {1:00:23} 60. a7 {0:07:00} Kh5
{1:01:06} 61. Bg2 {0:06:59} Bf7 {1:01:14} 62. a8=Q {0:07:29} Bg8 {1:01:59}
63. Qe8+ {0:08:09} Bf7 {1:02:35} 64. Qxf7# {0:08:31} {Black checkmated} 1-0

[Event "Team 45 45 League T89"]
[Site "Internet Chess Club"]
[Date "2021.08.16"]
[Round "6"]
[White "fhunfi"]
[Black "QuieroAprender"]
[Result "1-0"]
[WhiteElo "1833"]
[BlackElo "1600"]
[Opening "Queen's pawn: Chigorin variation"]
[ECO "D00"]
[Time "17:00:36"]
[TimeControl "2700+45"]

1. Nc3 d5 2. d4 Bf5 3. Nf3 f6 4. h4 h5 5. Bf4 a6 6. e3 Nc6 7. Bd3 Be6 8. a3 Bf7
9. Nb1 e6 10. c4 e5 11. dxe5 dxc4 12. Bc2 Qxd1+ 13. Bxd1 O-O-O 14. Nc3 fxe5 15.
Nxe5 Nxe5 16. Bxe5 Nf6 17. Bc2 Ng4 18. Bf4 Bd6 19. Bg5 Nf6 20. O-O-O Be7 21.
Rxd8+ Rxd8 22. Rd1 Rxd1+ 23. Kxd1 Nd5 24. Nxd5 Bxg5 25. hxg5 Bxd5 26. g3 Bf3+
27. Kd2 c5 28. Bf5+ Kc7 29. e4 b5 30. Ke3 Bd1 31. Kd2 Bg4 32. Bg6 Kd6 33. f4 b4
34. Kc2 a5 35. Bf7 Be2 36. e5+ Ke7 37. Bg6 Ke6 38. Be4 Bg4 39. Kb1 a4 40. Kc1 c3
41. Kc2 cxb2 42. Kxb2 b3 43. Bc6 c4 44. Bxa4 Kd5 45. Kc3 Kc5 46. Be8 Bf3 47. Bf7
Be2 48. f5 Bg4 49. f6 gxf6 50. exf6 Bf5 51. g6 {Black resigns} 1-0

[Event "Team 45 45 League T89"]
[Site "Internet Chess Club"]
[Date "2021.08.16"]
[Round "6"]
[White "ElValero"]
[Black "Lawkeito"]
[Result "1-0"]
[WhiteElo "1634"]
[BlackElo "1547"]
[Opening "QGD: 4.Nf3"]
[ECO "D37"]
[Time "13:00:20"]
[TimeControl "2700+45"]

1. d4 Nf6 2. c4 e6 3. Nf3 d5 4. Nc3 Nbd7 5. Bg5 Be7 6. e3 h6 7. Bh4 b6 8. cxd5
exd5 9. Bd3 Bb7 10. Rc1 O-O 11. O-O c5 12. Bb5 c4 13. Ne5 g5 14. Bg3 Nxe5 15.
dxe5 Nh7 16. Qh5 Kg7 17. Rfd1 a6 18. Bxc4 {Black resigns} 1-0

[Event "Team 45 45 League T89"]
[Site "Internet Chess Club"]
[Date "2021.08.15"]
[Round "6"]
[White "Gojira"]
[Black "Portola"]
[Result "1-0"]
[WhiteElo "1590"]
[BlackElo "1695"]
[Opening "Queen's pawn: Chigorin variation"]
[ECO "D00"]
[Time "07:30:34"]
[TimeControl "2700+45"]

1. d4 d5 2. Nc3 Nf6 3. Bf4 c6 4. e3 Bf5 5. f3 e6 6. g4 Bg6 7. h4 h6 8. Bd3 Bxd3
9. Qxd3 Bd6 10. Nge2 Bxf4 11. Nxf4 Qe7 12. O-O-O Nfd7 13. e4 dxe4 14. Nxe4 Na6
15. Rde1 O-O-O 16. Qb3 Nb6 17. Nc5 Rxd4 18. Ncxe6 fxe6 19. Ng6 Qd8 20. Nxh8 Qxh8
21. Qxe6+ Rd7 22. Qg6 Rd8 23. Re7 Qg8 24. Rf7 Qe8 25. Qxg7 Qe3+ 26. Kb1 Re8 27.
a3 Nd5 28. Rxb7 Qxf3 29. Qd7# {Black checkmated} 1-0

[Event "Team 45 45 League T89"]
[Site "Internet Chess Club"]
[Date "2021.08.14"]
[Round "6"]
[White "CPTsopiens"]
[Black "MathMonkey"]
[Result "0-1"]
[WhiteElo "1702"]
[BlackElo "1707"]
[Opening "Ruy Lopez: Wormald (Alapin) attack"]
[ECO "C77"]
[Time "16:02:33"]
[TimeControl "2700+45"]

1. e4 e5 2. Nf3 Nc6 3. Bb5 a6 4. Ba4 Nf6 5. Qe2 b5 6. Bb3 Bc5 7. c3 O-O 8. O-O
d6 9. Rd1 Bg4 10. h3 Bh5 11. d3 h6 12. Nbd2 Qd7 13. Nf1 Ne7 14. Ng3 Bg6 15. Nh4
Bh7 16. Qf3 Ne8 17. Nhf5 Nxf5 18. exf5 Nf6 19. d4 exd4 20. cxd4 Bb6 21. Be3 d5
22. a4 c6 23. Rac1 Rac8 24. Bc2 Qd6 25. axb5 axb5 26. Bf4 Qb4 27. Be5 Bd8 28. b3
Be7 29. Ne2 Qa5 30. Nf4 Nd7 31. Nh5 f6 32. Qg3 Rf7 33. Bd6 Qd8 34. b4 Nb6 35.
Bc5 Bxc5 36. dxc5 Nc4 37. Nf4 Rd7 38. Ne6 Qe8 39. Re1 Qh5 40. Nd4 Kh8 41. Re6
Rdc7 42. Rce1 Qf7 43. Qf4 Ne5 44. g4 Bg8 45. Qe3 Qf8 46. Rd6 Nc4 47. Qf4 Nxd6
48. cxd6 Rd7 49. Ne6 Qxd6 50. Qd4 Re7 51. Kg2 Rce8 52. Re3 Qb8 53. h4 Qa7 54.
Qd3 Bh7 55. Qc3 d4 56. Nxd4 Rxe3 57. fxe3 Qb7 58. e4 Rc8 59. Qc5 Bg8 60. g5 hxg5
61. hxg5 fxg5 62. e5 Bd5+ 63. Kh3 Qf7 64. Kg4 g6 65. e6 Qh7 66. Nf3 Qh5+ 67. Kg3
Qxf3+ {White resigns} 0-1

[Event "Team 45 45 League T89"]
[Site "Internet Chess Club"]
[Date "2021.08.15"]
[Round "6"]
[White "Demachaeron"]
[Black "Beetlejuice"]
[Result "0-1"]
[WhiteElo "1717"]
[BlackElo "1723"]
[Opening "Sicilian defense"]
[ECO "B30"]
[Time "07:07:24"]
[TimeControl "2700+45"]

1. e4 c5 2. Nf3 Nc6 3. b3 g6 4. Bb2 Nf6 5. e5 Nd5 6. e6 f6 7. exd7+ Bxd7 8. g3
Bg7 9. Bg2 Nc7 10. d3 e5 11. Nbd2 O-O 12. O-O Ne6 13. Re1 Ned4 14. Nxd4 exd4 15.
Bd5+ Kh8 16. Ne4 Bg4 17. Qxg4 Qxd5 18. Qf4 Rad8 19. Nd2 Ne5 20. Qe4 Qd7 21. Qg2
Rf7 22. Ne4 Qd5 23. Bc1 Kg8 24. Bf4 Re7 25. Bxe5 Rxe5 26. f4 Re7 27. Nd2 Qxg2+
28. Kxg2 Rdd7 29. Kf2 Kf7 30. Ne4 b6 31. Re2 Kf8 32. Rae1 f5 33. Ng5 Rxe2+ 34.
Rxe2 Bf6 35. Nf3 Rd6 36. a4 a5 37. Nd2 Rc6 38. Kf3 h5 39. h3 Bd8 40. Nc4 Rf6 41.
Ne5 Rd6 42. g4 hxg4+ 43. hxg4 fxg4+ 44. Kxg4 Be7 45. Nc4 Rf6 46. Re4 Bd8 47. Ne5
Rd6 48. Re2 Bc7 49. Rf2 Re6 50. Re2 Rd6 51. Kf3 Kg7 52. Ke4 Rf6 53. Rf2 Re6 54.
Rg2 Rf6 55. Rg4 Kh7 56. Kd5 Kh6 57. Rh4+ Kg7 58. Kc4 Rf5 59. Kb5 g5 60. Rg4 Rxf4
61. Rxg5+ Kf6 62. Rh5 Bxe5 63. Kxb6 Rf2 64. Kxc5 Rxc2+ 65. Kd5 Bc7 66. Kxd4 Ke6
67. Rc5 Rxc5 68. Kxc5 Bd6+ 69. Kc6 Bb4 70. d4 Ke7 71. Kd5 Kd7 72. Ke5 Ke7 73.
Kd5 Kd7 74. Ke5 Kc6 75. Ke6 Bd6 76. d5+ Kc5 77. b4+ axb4 78. a5 b3 79. a6 Kb6
80. Kxd6 b2 81. Ke7 b1=Q 82. d6 Qe4+ 83. Kd8 Kxa6 84. d7 Kb6 85. Kc8 Qa8# {White
checkmated} 0-1

[Event "Team 45 45 League T89"]
[Site "Internet Chess Club"]
[Date "2021.08.14"]
[Round "6"]
[White "Packerfan"]
[Black "fileman"]
[Result "1/2-1/2"]
[WhiteElo "1794"]
[BlackElo "1786"]
[Opening "English: Sicilian reversed"]
[ECO "A25"]
[Time "10:05:56"]
[TimeControl "2700+45"]

1. c4 Nc6 2. Nc3 e5 3. g3 Bc5 4. Bg2 a5 5. d3 d6 6. e4 Nge7 7. Nge2 O-O 8. O-O
Ng6 9. Nd5 Nd4 10. Nxd4 Bxd4 11. Rb1 c6 12. Ne3 Ne7 13. Qe2 f5 14. Kh1 f4 15.
Nc2 Ba7 16. Bd2 Ng6 17. Bc3 Qf6 18. Ne1 Be6 19. Nf3 Bg4 20. Qd2 Bb6 21. Rbd1 c5
22. b3 h6 23. a3 Qe6 24. Rb1 Bh3 25. Qd1 Rf7 26. Bxh3 Qxh3 27. Ng1 Qe6 28. f3
fxg3 29. hxg3 Raf8 30. Qe2 h5 31. Qh2 h4 32. Bd2 Bd8 33. g4 Nf4 34. Bxf4 Rxf4
35. Rb2 g5 36. Rbf2 Kg7 37. Nh3 R4f7 38. Kg2 {Game drawn by mutual agreement}
1/2-1/2

[Event "Team 45 45 League T89"]
[Site "Internet Chess Club"]
[Date "2021.08.13"]
[Round "6"]
[White "elmaestro"]
[Black "Boxermam"]
[Result "0-1"]
[WhiteElo "1601"]
[BlackElo "1731"]
[Opening "French: advance, Paulsen attack"]
[ECO "C02"]
[Time "12:29:05"]
[TimeControl "2700+45"]

1. e4 e6 2. d4 d5 3. e5 c5 4. c3 Nc6 5. Nf3 Qb6 6. Nbd2 cxd4 7. cxd4 Bd7 8. Bd3
Nxd4 9. O-O Ne7 10. Nxd4 Qxd4 11. Nf3 Qa4 12. b3 Qa5 13. Bd2 Qd8 14. h4 Nc6 15.
Qe1 Be7 16. g3 O-O 17. Qe2 f5 18. exf6 Bxf6 19. Ng5 Bxg5 20. hxg5 g6 21. f4 Qe7
22. Rae1 Qg7 23. Bc1 Rfe8 24. Bb2 e5 25. fxe5 Be6 26. Rf6 Qd7 27. Bxg6 Rf8 28.
Bxh7+ Qxh7 29. Rxe6 Qf5 30. Rf6 Qxg5 31. Qd3 Rxf6 32. exf6 Rf8 33. Qc3 d4 34.
Qc4+ Kh8 35. Kg2 Qxf6 36. Qe2 Qg5 37. Rh1+ Kg7 38. Rh4 Qd5+ 39. Kg1 Rf6 40. Rg4+
Kf7 41. Re4 d3 {White forfeits on time} 0-1

[Event "Team 45 45 League T89"]
[Site "Internet Chess Club"]
[Date "2021.08.15"]
[Round "6"]
[White "Mitochondria"]
[Black "ivanson"]
[Result "0-1"]
[WhiteElo "1516"]
[BlackElo "1600"]
[Opening "King's Indian defense, 3.Nc3"]
[ECO "E61"]
[Time "19:19:50"]
[TimeControl "2700+45"]

1. d4 Nf6 2. c4 g6 3. Nc3 Bg7 4. e3 d6 5. Nf3 O-O 6. Be2 Nbd7 7. O-O e5 8. dxe5
dxe5 9. e4 c6 10. Bg5 h6 11. Bh4 Qb6 12. Qc2 Re8 13. b3 Nc5 14. Nd2 Ne6 15. Na4
Qc7 16. c5 Nd4 17. Qd1 Be6 18. f3 Rad8 19. Bc4 b5 20. cxb6 axb6 21. Bxe6 Rxe6
22. Qb1 Ne2+ {White resigns} 0-1

[Event "Team 45 45 League T89"]
[Site "Internet Chess Club"]
[Date "2021.08.16"]
[Round "6"]
[White "Sloggi"]
[Black "zugknightly"]
[Result "1/2-1/2"]
[WhiteElo "1939"]
[BlackElo "1941"]
[Opening "Trompowsky attack (Ruth, Opocenský opening)"]
[ECO "A45"]
[Time "22:34:41"]
[TimeControl "2700+45"]

1. d4 Nf6 2. Bg5 Ne4 3. h4 Nxg5 4. hxg5 g6 5. c3 h6 6. gxh6 Rxh6 7. Rxh6 Bxh6 8.
Nf3 d6 9. e3 Bg4 10. Be2 Nc6 11. Nbd2 Qd7 {Game drawn by mutual agreement}
1/2-1/2

[Event "Team 45 45 League T89"]
[Site "Internet Chess Club"]
[Date "2021.08.12"]
[Round "6"]
[White "Ajolote"]
[Black "Tufnell"]
[Result "1-0"]
[WhiteElo "1942"]
[BlackElo "1898"]
[Opening "Sicilian: closed"]
[ECO "B23"]
[Time "14:00:10"]
[TimeControl "2700+45"]

1. e4 c5 2. Nc3 g6 3. d4 cxd4 4. Qxd4 Nf6 5. Be3 Nc6 6. Qd2 Ng4 7. Bf4 e5 8. h3
Nxf2 9. Bg5 f6 10. Qxf2 fxg5 11. Bc4 {Black resigns} 1-0

[Event "Team 45 45 League T89"]
[Site "Internet Chess Club"]
[Date "2021.08.13"]
[Round "6"]
[White "room-matt"]
[Black "KidRattler"]
[Result "1-0"]
[WhiteElo "1797"]
[BlackElo "1696"]
[Opening "Caro-Kann: Gurgenidze system"]
[ECO "B11"]
[Time "13:22:13"]
[TimeControl "2700+45"]

1. e4 c6 2. Nc3 g6 3. d4 d5 4. Nf3 Bg7 5. e5 Bf5 6. Bd3 e6 7. Bxf5 gxf5 8. Ne2
Nd7 9. Nf4 h5 10. c3 Ne7 11. Ng5 Nf8 12. Nxh5 Rxh5 13. Qxh5 Neg6 14. O-O Qe7 15.
b4 O-O-O 16. Re1 Nd7 17. Qh7 f4 18. h4 Nxh4 19. Qxh4 Rh8 20. Qxf4 f6 21. exf6
Bxf6 22. Rxe6 Qg7 23. Qe3 Bxg5 24. Qxg5 Qh7 25. Rh6 {Black resigns} 1-0

[Event "Team 45 45 League T89"]
[Site "Internet Chess Club"]
[Date "2021.08.16"]
[Round "6"]
[White "vollmerj"]
[Black "fhunfi"]
[Result "0-1"]
[WhiteElo "1443"]
[BlackElo "1836"]
[Opening "Réti opening"]
[ECO "A04"]
[Time "21:02:02"]
[TimeControl "2700+45"]

1. Nf3 e6 2. g3 f5 3. Bg2 Nf6 4. O-O d6 5. d4 g6 6. c4 Bg7 7. Nc3 O-O 8. Bg5 h6
9. Bxf6 Bxf6 10. d5 e5 11. e4 g5 12. Nd2 f4 13. Qh5 Kg7 14. Bh3 Qe8 15. Qxe8
Rxe8 16. Bxc8 Rxc8 17. gxf4 exf4 18. f3 Nd7 19. Kh1 b6 20. Rg1 a6 21. h4 Kf7 22.
hxg5 hxg5 23. Kg2 Rh8 24. Rh1 Ne5 25. Ne2 Nd3 26. e5 Bxe5 27. Ne4 Kg6 28. N2c3
Nxb2 29. Rab1 Nxc4 30. Rbg1 Bd4 31. Rxh8 Rxh8 32. Re1 Ne3+ 33. Rxe3 Bxe3 34. Nd1
Bd4 35. Ndc3 Bxc3 36. Nxc3 Re8 37. Ne4 Rxe4 38. fxe4 b5 39. Kf3 a5 40. Kg4 b4
{White resigns} 0-1

[Event "Team 45 45 League T89"]
[Site "Internet Chess Club"]
[Date "2021.08.13"]
[Round "6"]
[White "janh"]
[Black "MathMonkey"]
[Result "1-0"]
[WhiteElo "1958"]
[BlackElo "1690"]
[Opening "Queen's pawn: London system"]
[ECO "A45"]
[Time "21:00:14"]
[TimeControl "2700+45"]

1. d4 Nf6 2. Bf4 g6 3. Nc3 d5 4. e3 c5 5. h4 Bf5 6. Nb5 Na6 7. c3 c4 8. a4 Qb6
9. b3 Rc8 10. Nf3 Ne4 11. bxc4 dxc4 12. Ne5 Qe6 13. g4 Qd5 14. Qf3 Be6 15. Bg2
Nf6 16. e4 Qd8 17. g5 Nh5 18. d5 Bd7 19. Be3 f5 20. Nxa7 Ra8 21. exf5 Bxf5 22.
Nb5 Bg7 23. Bd4 O-O 24. Qe3 Nc7 25. Bb6 Nxd5 26. Bxd8 Nxe3 27. fxe3 Raxd8 28.
Nxc4 Rc8 29. Bxb7 Rc5 30. O-O Rb8 31. Bf3 Bd3 32. Nd2 Bxf1 33. Rxf1 Bxc3 34. Ne4
Rf5 35. Nexc3 Ng3 36. Rf2 Rbf8 37. Nd4 Re5 38. Bd5+ e6 39. Rxf8+ Kxf8 40. Nxe6+
Ke7 41. Kf2 Nf5 42. e4 Nd6 43. Nd4 Kd7 44. Ncb5 Nxe4+ 45. Bxe4 Rxe4 46. Kg3 Re8
47. Kf4 Ra8 48. Nc3 Kd6 49. Ndb5+ Kc5 50. Ke5 h6 51. Nc7 hxg5 52. hxg5 Ra7 53.
N7b5 Ra6 54. Ne4+ Kb4 55. Nbc3 Rc6 56. Kd4 Ra6 57. Nd5+ Ka3 58. Nc5 Rc6 59. a5
Rc8 60. a6 Ra8 61. Kc4 Ra7 62. Kb5 Rf7 63. Kb6 Rf5 64. a7 Rxg5 65. a8=Q+ Kb2 66.
Nd3+ Kc2 67. N5b4+ Kd2 68. Qa2+ Ke3 69. Qf2+ Ke4 70. Qf4# {Black checkmated} 1-0

[Event "Team 45 45 League T89"]
[Site "Internet Chess Club"]
[Date "2021.08.13"]
[Round "6"]
[White "DeepPoo"]
[Black "achessman"]
[Result "0-1"]
[WhiteElo "1698"]
[BlackElo "1860"]
[Opening "Levitsky attack (Queen's bishop attack)"]
[ECO "D00"]
[Time "15:24:29"]
[TimeControl "2700+45"]

1. d4 d5 2. Bg5 f6 3. Bh4 Nh6 4. e3 Nf5 5. Bg3 h5 6. h4 Nxg3 7. fxg3 Bf5 8. Bd3
Qd7 9. c3 Nc6 10. Ne2 O-O-O 11. Na3 e5 12. Rf1 Bg4 13. Qc2 e4 14. Bb5 a6 15. Ba4
Bd6 16. Rf4 Bxe2 17. Qxe2 Bxf4 18. exf4 g5 19. f5 Rdg8 20. b4 Qd6 21. Bxc6 Qxc6
22. c4 gxh4 23. gxh4 Rg3 24. b5 axb5 25. Nxb5 Qxc4 26. Qb2 Qd3 27. Rc1 Qe3+ 28.
Kf1 Qf4+ 29. Kg1 Rh7 30. Na7+ Kd8 31. Rb1 Rhg7 32. Nc6+ bxc6 33. Qb8+ Kd7 34.
Rb2 Qc1+ 35. Kh2 Rh3+ 36. gxh3 Qg1# {White checkmated} 0-1

[Event "Team 45 45 League T89"]
[Site "Internet Chess Club"]
[Date "2021.08.18"]
[Round "6"]
[White "primerpaso"]
[Black "ascoli"]
[Result "1-0"]
[WhiteElo "1936"]
[BlackElo "1597"]
[Opening "English: symmetrical, Rubinstein system"]
[ECO "A34"]
[Time "14:01:09"]
[TimeControl "2700+45"]

1. c4 c5 2. Nc3 Nf6 3. g3 d5 4. cxd5 Nxd5 5. Bg2 Nc7 6. Nf3 Nc6 7. O-O e5 8. d3
Be7 9. b3 Be6 10. Bb2 f6 11. Rc1 O-O 12. a3 Rc8 13. Ne4 Na5 14. Nfd2 b6 15. Bc3
Nc6 16. Nxf6+ Bxf6 17. Bxc6 Nd5 18. Bxd5 Qxd5 19. Nc4 Bg5 20. Rb1 Rcd8 21. Nxe5
Bh3 22. e4 Qd6 23. Re1 Bf6 24. d4 cxd4 25. Nc4 Qc5 26. Bb4 Qb5 27. Bxf8 Rxf8 28.
e5 Qd5 29. f3 Bg5 30. Re4 Qc5 31. Qxd4 Bf5 32. Qxc5 bxc5 33. Nd6 Bg6 34. f4 Be7
35. f5 Bxf5 36. Nxf5 Rxf5 37. Rf1 Rxf1+ 38. Kxf1 Kf7 39. Ke2 Ke6 40. Kd3 Bd8 41.
Ra4 a5 42. Ke4 Bc7 43. Rc4 Bb6 44. b4 {Black resigns} 1-0

[Event "Team 45 45 League T89"]
[Site "Internet Chess Club"]
[Date "2021.08.13"]
[Round "6"]
[White "VictorRed"]
[Black "jaboti"]
[Result "0-1"]
[WhiteElo "1616"]
[BlackElo "1669"]
[Opening "Queen's pawn"]
[ECO "A40"]
[Time "20:11:50"]
[TimeControl "2700+45"]

1. d4 e6 2. Nf3 Nf6 3. g3 d5 4. Bg2 Be7 5. O-O Nbd7 6. Nc3 O-O 7. Re1 c6 8. Ne5
Bd6 9. Nxd7 Bxd7 10. e4 dxe4 11. Nxe4 Nxe4 12. Bxe4 Be7 13. c3 Qb6 14. Qh5 f5
15. Bc2 Rae8 16. Bb3 Bd6 17. Qd1 f4 18. Qd3 fxg3 19. hxg3 Qa5 20. Kg2 Qh5 21.
Rh1 Rxf2+ 22. Kxf2 Qxh1 23. Bc2 Qh3 24. Bf4 Rf8 25. Ke2 Qh2+ 26. Ke3 Bxf4+ 27.
gxf4 Qxf4+ 28. Ke2 Qf2+ {White resigns} 0-1

[Event "Team 45 45 League T89"]
[Site "Internet Chess Club"]
[Date "2021.08.15"]
[Round "6"]
[White "MartyJR"]
[Black "RD1974"]
[Result "1/2-1/2"]
[WhiteElo "1546"]
[BlackElo "1533"]
[Opening "Queen's pawn"]
[ECO "A40"]
[Time "19:03:38"]
[TimeControl "2700+45"]

1. d4 e6 2. Bf4 d5 3. e3 Nf6 4. Nf3 c5 5. c3 Nc6 6. Nbd2 Bd6 7. Bg3 a6 8. Bd3 c4
9. Bc2 b5 10. a4 Bb7 11. Bxd6 Qxd6 12. axb5 axb5 13. Rxa8+ Bxa8 14. Qa1 O-O 15.
O-O b4 16. e4 Qb8 17. e5 Nd7 18. Re1 b3 19. Bd1 Bb7 20. Qb1 Re8 21. Ng5 Nf8 22.
Bh5 Nd8 23. Re3 Re7 24. Rh3 f5 25. exf6 gxf6 26. Ngf3 Qc7 27. Nf1 Nc6 28. Ne3 f5
29. Qc1 Rg7 30. Nh4 Qf4 31. Qe1 Bc8 32. Bf3 Kh8 33. Qa1 Ra7 34. Qb1 Nd8 35. Qe1
Nf7 36. Nxd5 Qg5 37. Nb4 Ng6 38. Nxg6+ Qxg6 39. Bh5 Qf6 40. Bxf7 Rxf7 41. Re3
Qg6 42. Rg3 Qh6 43. Qe5+ Qf6 44. Qxf6+ Rxf6 45. f4 Bb7 46. Re3 Rg6 47. g3 h5 48.
Kf2 h4 49. Kg1 Kg7 50. Kf2 Kf7 51. Kg1 Rg8 52. Kf2 Ra8 53. gxh4 Ra1 54. Re1 Ra8
55. Rg1 Rh8 56. Kg3 Kf6 57. Kh3 Ra8 58. Kg3 Rg8+ 59. Kf2 {Game drawn by mutual
agreement} 1/2-1/2

[Event "Team 45 45 League T89"]
[Site "Internet Chess Club"]
[Date "2021.08.14"]
[Round "6"]
[White "WillC"]
[Black "goldeen7"]
[Result "1/2-1/2"]
[WhiteElo "1482"]
[BlackElo "1454"]
[Opening "English, 1...Nf6 (Anglo-Indian defense)"]
[ECO "A15"]
[Time "13:04:07"]
[TimeControl "2700+45"]

1. c4 Nf6 2. g3 g6 3. Bg2 Bg7 4. d3 d6 5. Nc3 O-O 6. e4 e5 7. Nge2 Nc6 8. O-O
Ne8 9. f4 f5 10. Be3 Nf6 11. Kh1 Ng4 12. Bg1 Nd4 13. Rc1 fxe4 14. dxe4 Nxe2 15.
Qxe2 exf4 16. gxf4 c6 17. h3 Nf6 18. Rcd1 Nh5 19. Bh2 Qe7 20. f5 Rd8 21. Rd2 Be5
22. fxg6 hxg6 23. Qf3 Rf8 24. Qxf8+ Qxf8 25. Rxf8+ Kxf8 26. Bxe5 dxe5 27. Rd8+
Ke7 28. Rg8 Nf4 29. Bf1 Kf7 30. Rh8 Kf6 31. Ne2 b6 32. Nxf4 exf4 33. h4 Bb7 34.
Rxa8 Bxa8 35. Kg2 c5 36. Kf3 Ke5 37. Bd3 Kd4 38. Bc2 Ke5 39. Bd3 Bb7 40. Bc2 Ba6
41. b3 Bb7 42. Bb1 Bc6 43. Bc2 Bb7 44. Bb1 Bc6 45. Bc2 {Game drawn by mutual
agreement} 1/2-1/2

[Event "Team 45 45 League T89"]
[Site "Internet Chess Club"]
[Date "2021.08.15"]
[Round "6"]
[White "nidusin2"]
[Black "liujf"]
[Result "1/2-1/2"]
[WhiteElo "1625"]
[BlackElo "1579"]
[Opening "Four knights: Spanish, classical defense"]
[ECO "C25"]
[Time "11:15:51"]
[TimeControl "2700+45"]

1. e4 e5 2. Nc3 Nc6 3. Bb5 Bc5 4. Nf3 Nf6 5. O-O d6 6. a3 a6 7. Be2 O-O 8. d3 h6
9. h3 Be6 10. Be3 Ba7 11. d4 exd4 12. Nxd4 Nxd4 13. Bxd4 Bxd4 14. Qxd4 Qd7 15.
Nd5 Nxd5 16. exd5 Bf5 17. Bd3 Rfe8 18. Rfe1 Bxd3 19. Qxd3 Re5 20. Rxe5 dxe5 21.
Re1 Qd6 22. Qb3 b6 23. c4 Rd8 24. Qa4 a5 25. Qc2 g6 26. Qe2 f6 27. Qe3 Kg7 28.
Kf1 Qd7 29. Qe4 Re8 30. Re3 Qa4 31. Kg1 Qd1+ 32. Kh2 f5 33. Qd3 Qxd3 34. Rxd3
Rd8 35. b4 axb4 36. axb4 Kf6 37. Kg3 e4 38. Ra3 Ke5 39. f3 Kd4 40. fxe4 fxe4 41.
Ra7 Rd7 42. d6 Rxd6 43. Rxc7 Re6 44. Kf2 Kd3 45. c5 bxc5 46. bxc5 e3+ 47. Ke1
Rf6 48. Rd7+ Kc4 49. Rd6 Rf5 50. c6 Rc5 51. Rxg6 Kd3 52. Rd6+ Ke4 53. Re6+ Kd3
54. Rd6+ Ke4 55. Re6+ Kd3 56. Rd6+ {Game drawn by repetition} 1/2-1/2

[Event "Team 45 45 League T89"]
[Site "Internet Chess Club"]
[Date "2021.08.14"]
[Round "6"]
[White "Kingfisher75"]
[Black "Insan996"]
[Result "1/2-1/2"]
[WhiteElo "1573"]
[BlackElo "1610"]
[Opening "Caro-Kann: two knights variation"]
[ECO "B11"]
[Time "20:10:32"]
[TimeControl "2700+45"]

1. e4 c6 2. Nc3 d5 3. Nf3 dxe4 4. Nxe4 Bg4 5. h3 Bxf3 6. Qxf3 e6 7. Bc4 Nf6 8.
Nxf6+ gxf6 9. b3 Bg7 10. Bb2 Nd7 11. d4 f5 12. O-O-O Qa5 13. Kb1 O-O-O 14. g4
Nb6 15. Bc3 Qa3 16. Bb2 Qa5 17. Bc3 Qa3 18. Bb2 Qa5 {Game drawn by repetition}
1/2-1/2

[Event "Team 45 45 League T89"]
[Site "Internet Chess Club"]
[Date "2021.08.14"]
[Round "6"]
[White "fireball"]
[Black "cayo89"]
[Result "1-0"]
[WhiteElo "1521"]
[BlackElo "1515"]
[Opening "Philidor: Improved Hanham variation"]
[ECO "B07"]
[Time "08:04:31"]
[TimeControl "2700+45"]

1. e4 d6 2. d4 Nf6 3. Nc3 Nbd7 4. Nf3 e5 5. g4 h6 6. Rg1 exd4 7. Qxd4 d5 8. e5
Bc5 9. Qa4 Qe7 10. Be3 Bxe3 11. fxe3 O-O 12. exf6 Qxe3+ 13. Be2 Ne5 14. Rf1 Bxg4
15. Nxe5 Bxe2 16. Nxe2 Qxe5 17. Qg4 g6 18. O-O-O Rfe8 19. Ng3 Qe3+ 20. Kb1 Kh7
21. Rxd5 {Black resigns} 1-0

[Event "Team 45 45 League T89"]
[Site "Internet Chess Club"]
[Date "2021.08.16"]
[Round "6"]
[White "Pawnchain"]
[Black "smsxman"]
[Result "0-1"]
[WhiteElo "1260"]
[BlackElo "1322"]
[Opening "Queen's pawn"]
[ECO "A40"]
[Time "12:00:42"]
[TimeControl "2700+45"]

1. d4 e6 2. Bf4 g6 3. e3 Bg7 4. c3 Nf6 5. Nd2 Nc6 6. Be2 O-O 7. Bg5 Qe8 8. e4 d6
9. Ngf3 a6 10. O-O e5 11. d5 Na7 12. Qb3 b5 13. c4 Rb8 14. cxb5 Nxb5 15. Qc2 Qd7
16. b3 Bb7 17. Rac1 Rfc8 18. Ne1 c6 19. dxc6 Rxc6 20. Qb1 Nd4 21. Bd3 Rbc8 22.
Rxc6 Qxc6 23. Nc4 Nxe4 24. Bxe4 Qxe4 25. Qxe4 Bxe4 26. f3 Bb1 27. Nxd6 Rc3 28.
b4 Bxa2 29. Bd2 Rc6 30. Ne4 Bc4 31. Rf2 f5 32. Ng3 f4 33. Ne4 Nb3 34. g3 Bb5 35.
Bc3 Nc1 36. gxf4 Ne2+ 37. Rxe2 Bxe2 38. Bxe5 Rc4 39. Nd6 Rxb4 40. Bxg7 Kxg7 41.
Nc2 Rb1+ 42. Kf2 Bb5 43. Nd4 Rb2+ 44. Kg3 Bf1 45. Ne6+ Kf6 46. Ng5 h6 47. Nge4+
Kg7 48. f5 Rg2+ 49. Kh4 Rxh2+ 50. Kg3 Rh1 51. f6+ Kf8 52. f7 Bd3 53. Nf6 Rg1+
54. Kh2 Ke7 55. Kxg1 {White resigns} 0-1